 Dungeon Crawl Stone Soup version 0.28-a0-819-g6ef7baa362 (webtiles) character file.

Game seed: 15373608477903947904

11 cheechan the Cutter (level 2, -3/18 HPs)
             Began as a Kobold Gladiator on Nov 8, 2021.
             Slain by a gnoll (6 damage)
             ... on level 1 of the Dungeon.
             The game lasted 00:02:36 (546 turns).

cheechan the Cutter (Kobold Gladiator)               Turns: 546, Time: 00:02:37

Health: -3/18      AC:  4    Str: 11    XL:     2   Next: 40%
Magic:  2/2        EV: 15    Int:  9    God:
Gold:   45         SH:  0    Dex: 16    Spells: 1/1 levels left

rFire   . . .      SeeInvis .   a - +0 rapier
rCold   . . .      Faith    .   (shield restricted)
rNeg    . . .      Spirit   .   b - +0 leather armour
rPois   .          Reflect  .   c - +0 helmet
rElec   .          Harm     .   (no cloak)
rCorr   .          Rampage  .   (no gloves)
Will    .....                   (no boots)
Stlth   ++........              (no amulet)
HPRegen 0.06/turn               (no ring)
MPRegen 0.08/turn               (no ring)

@: no status effects
A: small, no large weapons, nightstalker 3
a: no special abilities


You were on level 1 of the Dungeon.
You visited 1 branch of the dungeon, and saw 1 of its levels.

You collected 45 gold pieces.

Inventory:

Hand Weapons
 a - a +0 rapier (weapon)
Missiles
 d - 3 throwing nets (quivered)
 e - 25 arrows
Armour
 b - a +0 leather armour (worn)
 c - a +0 helmet (worn)
Potions
 f - a potion of berserk rage {unknown}


   Skills:
 + Level 2.5 Fighting
 + Level 4.2 Short Blades
 + Level 2.2 Throwing
 + Level 3.9 Dodging


You had one spell level left.
You didn't know any spells.
Your spell library was empty.

Dungeon Overview and Level Annotations

Branches:
Dungeon (1/15)

Altars:


Innate Abilities, Weirdness & Mutations

You are small and have problems with some larger weapons.
You are completely attuned to the shadows.


Message History

Found 15 arrows.
e - 25 arrows (gained 15)
You open the door.
There is an open door here.
Found 11 gold pieces.
Found 5 gold pieces.
You now have 40 gold pieces (gained 11).
You now have 45 gold pieces (gained 5).
A gnoll comes into view. It is wielding a +0 spear.
The gnoll shouts!
You hear a shout!
The gnoll completely misses you.
You hit the gnoll but do no damage. The gnoll closely misses you.
You barely miss the gnoll. The gnoll barely misses you.
You closely miss the gnoll. The gnoll hits you with a +0 spear.
A hobgoblin comes into view.
You hit the gnoll.
The gnoll is moderately wounded.
The gnoll barely misses you.
You hit the gnoll but do no damage.
The gnoll is moderately wounded.
The gnoll hits you with a +0 spear.
You hit the gnoll but do no damage.
The gnoll is moderately wounded.
The hobgoblin hits you but does no damage.
The gnoll hits you with a +0 spear.
* * * LOW HITPOINT WARNING * * *
You hit the gnoll.
The gnoll is heavily wounded.
The hobgoblin closely misses you. The gnoll completely misses you.
You completely miss the gnoll.
The gnoll is heavily wounded.
The hobgoblin barely misses you. The gnoll completely misses you.
You hit the gnoll but do no damage.
The gnoll is heavily wounded.
The hobgoblin hits you but does no damage.
The gnoll misses you.
You hit the gnoll but do no damage.
The gnoll is heavily wounded.
The hobgoblin closely misses you. The gnoll hits you with a +0 spear.
You die...

#... +... #... #...
#..# .. #... #... ..#
#... #...###.## #...
#..g#g..# #... #.#.@.#
#... #...#...# ####
#..###..# #..###.##
.#. #....... .....
##.#########.#.##
#...............####
#..##.##............
##..##.######....#####


You could see a gnoll and a hobgoblin.

Vanquished Creatures
  A ball python (D:1)
  2 bats (D:1)
  A giant cockroach (D:1)
  2 goblins (D:1)
  2 hobgoblins (D:1)
  2 frilled lizards (D:1)
10 creatures vanquished.

Notes
Turn   | Place    | Note
-------+----------+-------------------------------------------
     0 | D:1      | cheechan the Kobold Gladiator began the quest for the Orb.
     0 | D:1      | Reached XP level 1. HP: 12/12 MP: 1/1
   200 | D:1      | Reached XP level 2. HP: 14/18 MP: 2/2
   546 | D:1      | Slain by a gnoll

Illustrated notes

Levels and vault maps discovered:
D:1:      amcnicky_arrival_gap_in_the_tavern_cellar, layout_basic,
          basic_ecumenical_altar, minmay_misc_feat_four_crosses,
          chequers_garden, item_on_display_a

Action                   || total
-------------------------++-------
Melee: Rapier            ||    50
  Use: Scroll            ||     1
 Stab: Sleeping          ||     1
Armor: Leather armour    ||    15
Dodge: Dodged            ||    48

Table legend: (Time is in decaauts)
 A = Elapsed time spent in this place.
 B = Non-inter-level travel time spent in this place.
 C = Inter-level travel time spent in this place.
 D = Time resting spent in this place.
 E = Time spent auto-exploring this place.
 F = Levels seen in this place.
 G = Mean time per level.
                   A        B        C        D        E       F      G
               +--------+--------+--------+--------+--------+-----+--------+
         Total |    545 |    543 |      2 |      0 |      0 |   1 |  545.0 |
       Dungeon |    545 |    543 |      2 |      0 |      0 |   1 |  545.0 |
               +--------+--------+--------+--------+--------+-----+--------+

Top non-repeatable levels by time:
     D:1: 545 daAuts
